[Event "44th Chess Olympiad Women 2022"]
[Site "Chennai"]
[Date "2022.07.29"]
[Round "1.12"]
[White "Gaal, Zsoka"]
[Black "Rondon Chacon, Yolys Desiree"]
[Result "1-0"]
[WhiteElo "2313"]
[BlackElo "1688"]
[Annotator "TA"]
[PlyCount "105"]
[EventDate "2022.??.??"]
[TimeControl "60"]

1. Nf3 Nf6 2. g3 g6 3. Bg2 Bg7 4. d4 d5 5. c4 c6 6. Qb3 O-O 7. O-O a5 8. cxd5 {[%emt 0:00:40] D78:
Fianchetto Grünfeld: 6 0-0 c6.} a4 9. Qd1 cxd5 10. Nc3 {[%emt 0:00:14] The position is equal.} Bd7 11. Ne5 e6 {[%emt 0:04:40] [#]} 12. e3 $146 ({Predecessor:} 12. Nxd7 Qxd7 13. e3 Ne8 14. e4 dxe4 15. Nxe4
Qxd4 16. Be3 Qxb2 17. Rb1 Qxa2 18. Bc5 {½-½ (62) Svidler,P (2753)-Ivanchuk,V
(2710) Jerusalem 2018}) 12... b5 13. a3 Na6 14. Bd2 Rb8 15. Qe2 Qb6 16. g4 (16. Rfb1 $16) 16... Rfd8 17. Qf3 Be8 18. g5 Ne4 (18... Nh5 $14) 19. Nxe4 $16 {[%emt 0:01:26] [#]
Threatens to win with Nf6+.} Bxe5 20. Nf6+ (
20. dxe5 dxe4 21. Qe2 b4 $17) 20... Bxf6 21. gxf6 (21. Qxf6 {looks sharper.} Rd6 22. h4 b4 23. Rfc1) 21... Bc6 (21... b4 $16) 22. Qf4 $18 Nc7 $2 (22... Kh8 23. b3 (23. Qh6 Rg8 $16) 23... axb3) 23. Bb4 {[%emt 0:01:21]
Intending Qh6 and mate.} (23. Qh6 Ne8 $16) 23... Ne8 24. Be7 {
[%emt 0:00:51] A strong pair of Bishops.} (24. Rac1 $18) 24... Rd7 $16 25. Rac1 {[%emt 0:02:19][%cal Yc1c6] White is much more active.
} (25. Qh6 Rxe7 26. fxe7 Nd6 $16) 25... Rbb7 $2 (25... Rxe7
$16 {is a better defense.} 26. fxe7 Rb7) 26. Qh6 $2 (26. Bb4
$18 h6 27. Qxh6 Nxf6 28. f4) 26... Rxe7 27. fxe7 $40 {[%emt 0:
00:00] White has strong attack.} Rxe7 28. Qf4 {[%emt 0:06:55]
Against Nd6} Rd7 29. Rc5 Nd6 30. Qf6 ({White should try} 30. Rfc1 Nc4 31. h4) 30... Nc4 (30... Nb7 $142) 31. Rb1 Nd2 $2 {
[%emt 0:00:48] [#]} (31... Rd6 $16 {might work better.} 32. Qf4 Bb7) 32. Rbc1
$1 $18 Nc4 33. Rc3 (33. e4
$18 {has better winning chances. And now exd5 would win.} Qb7 34. Bh3) 33...
Bb7 (33... Rd6 $16 {was worth a try.} 34. Rc2 e5) 34. Bh3 Rd6 $2 (34... Ba6 $16 {was called for.} 35.
Rc2 Rd8) 35. Qe7 Rc6 {[%emt 0:00:28] Prevents Rc7.} 36. b3 Na5 37. bxa4 bxa4 38. Bf1 {[%emt 0:00:17][%cal Yh3f1,Yf1b5,Yb5a4,Ya4d1] Prevents Nc4.
Hoping for Rb5.} Rxc5 (38... Nc4 39. e4 (39. Bxc4 dxc4 40. Rc1
Qb2 $11) 39... Rxc5 40. Qxc5 (40. dxc5 Qb2 $11) 40... Qd8 41. exd5 (41. Bxc4
dxc4 42. Re3 h5 $16) 41... exd5) 39. Qxc5 Qd8 40. Qc7 {[%emt 0:00:56] Prevents Bc6.} Qg5+ 41. Qg3 Qe7 42. Rc5 Nc6 43.
Bb5 {[%emt 0:00:00][%csl Ya4,Yc6] White is clearly winning.} Nd8 44. Bxa4 Ba6 45. Bd1 Bd3 46. Rc8 {
[%emt 0:00:00] aiming for Qb8.} Kg7 47. Qe5+ Kh6 48. Qf4+ Kg7 49. h4 {[%emt 0:00:00] Strongly threatening Qe5+.} h6 50.
Qe5+ Kh7 51. Qc7 Nc6 52. Qxe7 Nxe7 53. Rc7 {[%emt 0:00:00] Weighted Error Value: White=0.49/Black=0.61} 1-0

[Event "44th Chess Olympiad Women 2022"]
[Site "Chennai"]
[Date "2022.07.29"]
[Round "1.12"]
[White "Gara, Ticia"]
[Black "Chung Hurtado, Yaleika"]
[Result "1-0"]
[WhiteElo "2367"]
[BlackElo "1696"]
[Annotator "TA"]
[PlyCount "62"]
[EventDate "2022.??.??"]
[TimeControl "60"]

1. e4 c6 2. d4 d5 3. e5 c5 4. Nf3 Bg4 5. dxc5 e6 6. c3 {[%emt 0:01:
59] Strongly threatening Qa4+. B12: Caro-Kann: Advance Variation.} Bxf3 7. Qxf3 Bxc5 8. Qg3 {[%emt 0:
05:28] [#] The position is equal.} Bf8 $146 (8... Ne7 $1 $11)
({Predecessor:} 8... g6 9. Bd3 Ne7 10. O-O Nbc6 11. Bg5 Qc7 12. Bf6 Rg8 13. Nd2
O-O-O 14. a4 d4 {1-0 (24) Abylkasymov,K (1827)-De Veyra,J Tornelo INT 2021}) 9.
Bd3 Nc6 10. O-O h5 11. Re1 $36 {[%emt 0:28:40] White is pushing.} Nh6 12.
Bg5 Qc7 13. h3 {[%emt 0:00:00] Against Ng4}
a6 (13... Be7 $142) 14. Nd2 $16 Ne7 15. c4 {[%emt 0:03:34][%cal Yc3c4,Yc4d5,Yd5d6] aiming for cxd5.0x0.
001f2085d00ddp-1022s more active pieces.} Nhf5 16. Qf3 {
[%emt 0:13:29] Hoping for cxd5.} Rd8 {[%emt 0:08:54] Black cannot hold the
game after this.} (16... Nd4 $16 17. Qg3 Nec6) 17. Bxf5 $18 exf5 $2 (17... Nxf5 18. Bxd8 Qxd8 19. cxd5 Qxd5) 18. Bxe7 Bxe7 19. cxd5 Bb4 20. Re2 Qa5 21. Nc4 Qb5 22. Ne3 g6 23. d6 O-O 24. Nd5 Bc5 25. Rd1 {[%emt 0:02:12] White is clearly
winning.} Qa4 (25... Kg7 $142 26. Rc2 Bxd6 27. exd6 Rxd6) 26.
b3 Qa3 27. Ne7+ Kg7 {
[%emt 0:00:12] [#]} 28. Qxb7 (28. Nxf5+ $142 $1 Kg8 {[#]} 29.
Qxb7 $1) 28... Rb8 (28... Bxd6 $142 29. exd6 Rxd6) 29. Qf3 Rbd8 30. Rc2 Bb6 31. Kh2 Qb4 {[%emt 0:00:00] Weighted Error Value:
White=0.47/Black=0.66} 1-0

[Event "44th Chess Olympiad Women 2022"]
[Site "Chennai"]
[Date "2022.07.29"]
[Round "1.12"]
[White "Vasquez Jaen, Lourdes Lorena"]
[Black "Lazarne Vajda, Szidonia"]
[Result "1/2-1/2"]
[WhiteElo "1653"]
[BlackElo "2313"]
[Annotator "TA"]
[PlyCount "65"]
[EventDate "2022.??.??"]
[TimeControl "60"]

1. e4 c6 2. d4 d5 3. exd5 cxd5 4. Bd3 Nc6 5. c3 Nf6 6. Bf4 e6 7. Nf3 Nh5 {[%emt 0:07:52] B13: Caro-Kann: Exchange
Variation and Panov-Botvinnik Attack.} 8. Bg5 Be7 9. Bxe7 Qxe7 {[%emt 0:00:17] White is slightly better.}
10. O-O O-O 11. Ne5 Nf4 {
[%emt 0:02:12] [#]} 12. Bc2 $146 ({Predecessor:} 12. Re1 Qg5
13. Qf3 f5 14. Bf1 Rf6 15. Na3 Rh6 16. Nb5 Nxe5 17. dxe5 Ng6 18. Rad1 {1-0 (37)
Caric,M (2088)-Novosad,I (1840) Bosnjaci 2019}) 12... Nxe5 13.
dxe5 f5 14. Qf3 Ng6 15. Re1 Bd7 16. Nd2 Bc6 17. Qh3 (17. Qg3 $11)
17... d4 $1 $15 {[%emt 0:02:39] [#] And now ...Nf4 would win.} 18. Nf3 dxc3 19. bxc3 Rac8 (19... Rad8 $15) 20. Bb3 $11 {[%emt 0:00:00][%cal Yb3e6] aiming for
Bxe6+!} Bxf3 (20... Nf4 {with more complications.} 21. Qg3 Nd3
22. Nd4 Nc5) 21. Qxf3 Rc5 22. Rad1 {[%emt 0:
10:23] Strongly threatening Rd6.} Kh8 ({Don't play} 22... Rxe5
23. Rxe5 Nxe5 24. Qe3 $16) (22... Nxe5 23. Qf4 Qc7 24. Bxe6+ Kh8 25. Rd5 $16 (
25. Bxf5 g6 $14)) 23. Rd6 Rxe5 24. Rxe5 Nxe5 25. Qd1 Qh4 (25... Ng4 $14) 26. h3 h6 ({Black
should try} 26... Qg5 $14) 27. Rxe6 $18 Nc6 28. Qd7 {[%emt 0:04:40] [#] Re8 is the strong threat.} Qg5 29.
Re8 ({Inferior is} 29. Qxb7 Qc1+ 30. Kh2 Qf4+ 31. Kg1 Nd8 32.
Qxa7 Nxe6 $17) (29. Re3 $16) 29... Qc1+ $14 30. Kh2 (30. Bd1 $5 Rxe8 31. Qxe8+ Kh7 32. Qd7 $14) 30... Qf4+ 31. Kg1 {[%emt 0:00:00] The board is on fire.} Qc1+ 32. Kh2 (32. Bd1 $1 $14 Rxe8 33. Qxe8+ Kh7 34. Qd7)
32... Qf4+ $11 33. Kg1 {[%emt 0:00:01] Weighted Error Value:
White=0.18 (very precise) /Black=0.22 (precise)} 1/2-1/2

[Event "44th Chess Olympiad Women 2022"]
[Site "Chennai"]
[Date "2022.07.29"]
[Round "1.13"]
[White "Eizaguerri Floris, Maria"]
[Black "Arai, Yuki"]
[Result "1-0"]
[WhiteElo "2176"]
[BlackElo "1495"]
[Annotator "NA RC"]
[PlyCount "29"]
[EventDate "2022.??.??"]
[TimeControl "60"]

1. e4 e5 2. Nf3 Nc6 3. Bb5 a6 4. Ba4 Nf6 5. O-O Be7 6. Re1 b5 7. Bb3 O-O 8. c3 d6 9. d4 Bg4 10. Be3 Na5 11. Bc2 Nc4 12. Bc1 c5 13.
b3 Nb6 14. Be3 Qc7 15. d5 1-0

[Event "44th Chess Olympiad Women 2022"]
[Site "Chennai"]
[Date "2022.07.29"]
[Round "1.13"]
[White "Matnadze, Ana"]
[Black "Kojima, Natsumi"]
[Result "1-0"]
[WhiteElo "2406"]
[BlackElo "1782"]
[Annotator "TA"]
[PlyCount "29"]
[EventDate "2022.??.??"]
[TimeControl "60"]

1. d4 e6 2. c4 f5 3. Nf3 Nf6 4. g3 d5 5. Bg2 c6 6. O-O Bd6 7. Bf4 O-O 8. Nbd2 {[%emt 0:00:34] A90: Dutch Defence: Miscellaneous and Modern
Stonewall (with ...Bd6).} Ne4 9. Qb3 Bxf4 10. gxf4 {[%emt 0:00:05] White has an edge.} Nd7 11. Qe3 Rf6 {[%emt 0:04:00] [#]} 12. Rad1 $146 ({Predecessor:} 12. Nxe4 fxe4 13. Ne5 Nxe5 14. fxe5 Rh6 15. h3 Bd7 16.
f3 exf3 17. Qxf3 Qe7 18. Rac1 {1-0 (46) Matnadze,A (2418)-Hadad Diaz,A (2037)
San Cristobal 2012}) 12... Rh6 13. Nxe4 fxe4 14. Ne5 Nxe5 15. dxe5 {
[%emt 0:01:24] Weighted Error Value: White=0.10 (very precise) / Black=0.03 
(flawless) . Loss on time!?} (15. fxe5 $15 Bd7 16. h3) 1-0

[Event "44th Chess Olympiad Women 2022"]
[Site "Chennai"]
[Date "2022.07.29"]
[Round "1.13"]
[White "Misawa, Yuki"]
[Black "Calzetta Ruiz, Monica"]
[Result "0-1"]
[WhiteElo "1587"]
[BlackElo "2230"]
[Annotator "RC"]
[PlyCount "66"]
[EventDate "2022.??.??"]
[TimeControl "60"]

1. d4 Nf6 2. Nf3 c5 3. c3 g6 4. Bf4 Bg7 5. e3 O-O 6. Be2 d6 7. h3 Qb6 8. Qb3 Be6 9. Qxb6 axb6 10. Na3 Nd5 11. Bh2 Nxc3 12. bxc3 Rxa3 13. Kd2 Nd7 14. Ng5 Rfa8 15. Nxe6 Rxa2+ 16. Rxa2 Rxa2+ 17. Kd3 fxe6 18. Bf3 b5 19. Rb1 c4+ 20. Ke4 Rxf2 21. Rxb5 Bh6 22. d5 e5 23. Bxe5 Nxe5 24. Rxb7 Kf7 25. Rb8 Rc2 26. Kd4 Rd2+ 27. Ke4 Nd7 28. Bg4 Nxb8 29. Be6+ Ke8 30. g4 Nd7 31. Bg8 Nf6+ 32. Kf3 Nxg8 33. h4 Rxd5 0-1

[Event "44th Chess Olympiad Women 2022"]
[Site "Chennai"]
[Date "2022.07.29"]
[Round "1.13"]
[White "Sakai, Azumi"]
[Black "Vega Gutierrez, Sabrina"]
[Result "0-1"]
[WhiteElo "1759"]
[BlackElo "2366"]
[Annotator "TA"]
[PlyCount "30"]
[EventDate "2022.??.??"]
[TimeControl "60"]

1. d4 d5 2. c4 e6 3. Nf3 c6 4. e3 Nf6 5. b3 Nbd7 6. Bb2 Bd6 7. Bd3 O-O {[%emt 0:00:32] A06:
Réti Opening: 1 Nf3 d5.} 8. O-O b6 9. Ne5 Bb7 {[%emt 0:00:20] White has an edge.} 10. Nd2 {[%emt 0:02:02]
[#]} a5 $146 ({Predecessor:} 10... c5 11. Nxd7 Nxd7 12. cxd5
Bxd5 13. Qe2 cxd4 14. Bxd4 Nc5 15. Bc2 Rc8 16. Rfd1 Qh4 {½-½ (28) Dominguez
Perez,L (2732)-Ding,L (2766) Huaian 2016}) 11. Qc2 h6 12. e4 Rc8 13. Nxd7 Nxd7 14. e5 Be7 15.
f4 (15. cxd5 $11 cxd5 16. Qd1) 15... c5 $1 {[%emt 0:00:42]
Weighted Error Value: White=0.18 (very precise) /Black=0.06 (flawless)} 0-1

[Event "44th Chess Olympiad Women 2022"]
[Site "Chennai"]
[Date "2022.07.29"]
[Round "1.14"]
[White "Ampaire Shakira"]
[Black "Miranda Llanes, Yerisbel"]
[Result "0-1"]
[WhiteElo "1666"]
[BlackElo "2347"]
[Annotator "ChessBase"]
[PlyCount "74"]
[EventDate "2022.??.??"]
[TimeControl "60"]

1. e4 e5 2. Nf3 Nc6 3. Bb5 a6 4. Bxc6 dxc6 5. O-O Bd6 6.
d4 exd4 7. Qxd4 f6 8. Nc3 Ne7 9. e5 fxe5 10. Nxe5 O-O 11. Qc4+ Nd5 12. Nxd5 Be6 13. Nxc6 bxc6 14. Qxc6 Kh8 15. f4 Bd7 16. Qc3 c6 17. Nb4 Qb6+ 18. Be3 Qxb4 19. Qd3 Bf5 20. Qb3 Rfe8 21. Rae1 Qxb3 22. cxb3 Bb4 23. Kf2 Bxe1+ 24. Rxe1 Rad8 25. h3 Kg8 26. g4 Be4 27. Rc1 Rd3 28. Rc3 Rxc3 29. bxc3 Bg2 30. h4 Bh3 31. g5 Bg4 32. b4 Kf7 33. a4 Re4 34. a5 Bh5 35. Bb6 Rxf4+ 36. Ke3 Rxh4 37. Bd8 Bg6 0-1

[Event "44th Chess Olympiad Women 2022"]
[Site "Chennai"]
[Date "2022.07.29"]
[Round "1.14"]
[White "Forgas Moreno, Yaniela"]
[Black "Nansubuga, Gloria"]
[Result "1-0"]
[WhiteElo "2343"]
[BlackElo "1538"]
[Annotator "TA"]
[PlyCount "71"]
[EventDate "2022.??.??"]
[TimeControl "60"]

1. e4 e5 2. Nf3 Nc6 3. Bc4 h6 4. c3 Nf6 5. d3 Bc5 6. O-O O-O 7. d4 Bb6 {
[%emt 0:07:24] C54: Giuoco Piano: 4 c3 Nf6, main lines with 5 d4 and 5 d3.} 8.
dxe5 Nxe4 9. Qd5 {[%emt 0:05:41] [#]} (9. Bd5
$5 Nxf2 10. Rxf2 $11) 9... Nxf2 $146 {[%emt 0:05:26] The
position is equal.} ({Predecessor:} 9... Nc5 10. Na3 d6 11. exd6 cxd6 12. Be3
Be6 13. Qh5 Qf6 14. Rad1 Rad8 15. Qh4 Qxh4 16. Nxh4 {1-0 (23) Demchenko,A 
(2679)-Guimaraes,D (2278) St Petersburg 2018}) 10. Rxf2 {[%emt 0:00:18]
Threatening Nd4.} Bxf2+ 11. Kxf2 d6 12. exd6 Be6 13. Qe4 {[%emt 0:04:30]
[#] Black must now prevent Bd3.} Bxc4 14. Qxc4 Qxd6 15. Bf4 {[%emt 0:00:39] Inhibits Ne5.} (15. Be3 $11)
15... Qg6 (15... Qd1 $15 {keeps the upper hand.}) 16. Nbd2 $36
{[%emt 0:05:09] Black is under pressure.} Rfe8 17. Re1 (17. Bxc7 $16 Re7 18. Bg3) 17... Rxe1 $14 18.
Nxe1 Re8 (18... Qf5 $11) 19. Nef3 (19. Bxc7 $16 Qf5+ 20. Ndf3) 19... Qf5 {[%emt 0:08:32] Strongly
threatening ...g5.} 20. h3 Ne7 21. g4 (21. Qxc7 $2 Nd5 22. Qa5 {[#]} Re2+ $3
23. Kf1 Qd3 24. Qxd5 Qxd5 $19) 21... Qf6 22. Bxc7 {[%emt 0:09:
58] White is more active.} Ng6 23. Bg3 ({
White should try} 23. Kg3 $16) 23... Qb6+ $1 $11 24. Qd4 Qxb2 25. h4 (25. a4 $11)
25... Qxa2 $15 26. h5 (26. Qd7 $15 {is more
appropriate.} Qe6 27. Qxe6 Rxe6 28. h5) 26... Nf8 $17 27. g5 (27. Be5 $17 {keeps fighting.}) 27... Qa6 (
27... Ne6 $19 28. Qe3 (28. Qd7 $2 Rd8 $19) 28... hxg5 29. Nxg5 Qd5) 28. c4 ({Much worse is} 28. Kg1 hxg5 29. Nxg5 Qe2 $17) (28. Ne4 $15)
28... Ne6 ({Much weaker is} 28... Qe6 $6 29. gxh6 Qxh6 30.
Qxa7 $11) 29. Qe3 (29. Qe4 $142) 29... Nc7 30. Qd4 $11 Ne6 31. Qe5 (31. Qe3 $1 $11 {and White has nothing to worry.}) 31... Qb6+
$19 32. Kg2 hxg5 33. Kf1 Qc6 {[%emt 0:03:00] Hoping for ...g4.}
34. Qd5 g4 35. Qxc6 bxc6 36. Ne5 {[%emt 0:00:30] Weighted Error Value: White=0.51/
Black=0.37. Loss on time!?} 1-0

[Event "44th Chess Olympiad Women 2022"]
[Site "Chennai"]
[Date "2022.07.29"]
[Round "1.14"]
[White "Kawuma Patricia"]
[Black "Hernandez Gil, Ineymig"]
[Result "0-1"]
[WhiteElo "1653"]
[BlackElo "2234"]
[Annotator "ChessBase"]
[PlyCount "110"]
[EventDate "2022.??.??"]
[TimeControl "60"]

1. e4 c6 2. d4 d5 3. exd5 cxd5 4. Bd3 Nc6 5. c3 Nf6 6. h3 Ne4 7. Nd2 Nd6 8. Ngf3 Bf5 9. Bxf5 Nxf5 10. Nb3 e6 11. Bf4 Bd6 12. Bxd6 Qxd6 13. O-O O-O 14. Nc5 b6 15. Nd3 Rfc8 16. Qd2 Rab8 17. Qg5 h6 18. Qg4 Na5 19. Nf4 Nc4 20. Rab1 Qd8 21. Rfe1 Ncd6 22. Ne5 Rb7 23. Re2 Qg5 24. Qxg5 hxg5 25. Nfd3 Ne4 26. Nf3 Rbc7 27. Nd2 Ned6 28. Nf3 Ne4 29. Nd2 Nf6 30. Nf3 g4 31. hxg4 Nxg4 32. Nfe5 Nf6 33. Rbe1 Ne4 34. Ng4 g6 35. Ne3 Nfd6 36. f3 Ng3 37. Rc2 Kg7 38. Kf2 Ngf5 39. Nd1 Nxd4 40. Rd2 Nc4 41. Rde2 Nxe2 42. Rxe2 Kf6 43. Ne3 Nxe3 44. Rxe3 Rd8 45. Nc1 d4 46. Rd3 dxc3 47. Rxc3 Rxc3 48. bxc3 Rd2+ 49. Kg3 Rc2 50. Nb3 Rxa2 51. Kh2 a5 52. Nd4 a4 53. Kg3 Rb2 54. Nc6 a3 55. Kf4 a2 0-1

[Event "44th Chess Olympiad Women 2022"]
[Site "Chennai"]
[Date "2022.07.29"]
[Round "1.14"]
[White "Ordaz Valdes, Lisandra Teresa"]
[Black "Nakabo, Peninah"]
[Result "1-0"]
[WhiteElo "2367"]
[BlackElo "1747"]
[Annotator "ChessBase"]
[PlyCount "93"]
[EventDate "2022.??.??"]
[TimeControl "60"]

1. d4 e6 2. c4 d5 3. Nc3 Be7 4. Nf3 Nf6 5. Bg5 O-O 6. e3 Nbd7 7. Rc1 c6 8. Qc2 h6 9. Bh4 a6 10. a3 Ne8 11. Bg3 Nd6 12. cxd5 exd5 13. Bd3 Nb6 14. O-O Ndc4 15. a4 Bg4 16. b3 Bxf3 17. bxc4 Bg4 18. c5 Nd7 19. Rb1 Ra7 20. f4 Bh4 21. Bxh4 Qxh4 22. f5 f6 23.
Rf4 Qg5 24. Qf2 h5 25. Qg3 Re8 26. h3 Bxf5 27. Qxg5 fxg5 28. Rxf5 Rxe3 29. Rf3 Rxf3 30. gxf3 Kf7 31. Bf5 Nf8 32. Bc8 Ne6 33. Bxe6+ Kxe6 34. Re1+ Kf6 35. Re8 Kf7 36. Rb8 Ke6 37. a5 Kf5 38. Kf2 g4 39. fxg4+ hxg4 40. h4 g6 41. Kg3 b5 42. cxb6 Re7 43. Rf8+ Ke6 44. Na4 Kd6 45. Rd8+ Ke6 46. Nc5+ Kf7 47. Rd7 1-0

[Event "44th Chess Olympiad Women 2022"]
[Site "Chennai"]
[Date "2022.07.29"]
[Round "1.15"]
[White "Charinda, Kudzanayi"]
[Black "Peycheva, Gergana"]
[Result "0-1"]
[WhiteElo "1719"]
[BlackElo "2295"]
[Annotator "TA"]
[PlyCount "82"]
[EventDate "2022.??.??"]
[TimeControl "60"]

1. e4 c6 2. d4 d5 3. exd5 cxd5 4. Bd3 Nc6 5. c3 Qc7 6. Nf3 Bg4 7. h3 {[%emt 0:00:
00] B13: Caro-Kann: Exchange Variation and Panov-Botvinnik Attack.} Bh5 8. Nbd2 e6 9. O-O {[%emt 0:10:42] The position is equal.} Bd6 10. Re1 Nge7 $1 {[%emt 0:05:38] 10... Nge7 scores
better than 10...Nf6.} 11. Nf1 Bg6 12. Ne3 O-O 13. Ng4 {[%emt 0:06:01] [#]} Bxd3 $146 ({Predecessor:} 13... a6 14. Nge5 Nxe5 15. Nxe5 Bxd3 16. Qxd3
b5 17. Bd2 Ng6 18. f4 a5 19. Re2 b4 {½-½ (27) Buchnicek,P (2330) -Chytilek,R
(2393) Czech Republic 2012}) 14. Qxd3 Ng6 (
14... Rfc8 {feels hotter.} 15. Bd2 Rab8 16. Ng5 Ng6) 15. Qe2 Rfe8 16. Nge5 Nf8 17. Qd3 f6 18. Nxc6 bxc6 19. Bd2 (19. c4 $11) 19... e5
$15 20. dxe5 fxe5 21. Qc2 Ng6 22. Re2 Qd7 23. Rae1 (23. Qa4 $17) 23... Rf8 (23...
e4 $19 {is more deadly.} 24. Nh2 Ne5) 24. Nh2 (24. Nxe5 $17 {
keeps fighting.} Nxe5 25. Rxe5) 24... e4 $19 25. c4 Ne5 26. cxd5 cxd5 {[%emt 0:00:08]
White must now prevent ...Nd3.} 27. Qb3 Nd3 (
27... Qf7 $19 {Threatens to win with ...Rab8.} 28. Be3 Rab8) 28. Rf1 $2 {
[%emt 0:02:25] [#] Loses the game.} (28. Qxd5+ $17 {was necessary.} Kh8 29. g3)
28... Bxh2+ 29. Kxh2 Rab8 30. Qd1 Rxb2 31. Be3 Rxe2 32. Qxe2 d4 33. Bd2 Qf5 34. Kg1 h6 35.
Bc1 e3 36. f3 (36. Bxe3 $142
Re8 37. Rd1 dxe3 38. fxe3) 36... Rc8 37. Ba3 Nf4 38. Qb2 Rc2 39. Qb8+ Kh7 {[%emt 0:00:43] Black mates.} 40. Qb1 Rxg2+ 41. Kh1 d3 {[%emt 0:30:08] Weighted
Error Value: White=0.82/Black=0.17 (very precise)} 0-1

[Event "44th Chess Olympiad Women 2022"]
[Site "Chennai"]
[Date "2022.07.29"]
[Round "1.15"]
[White "Krasteva, Beloslava"]
[Black "Shaba, Linda Dalitso"]
[Result "1-0"]
[WhiteElo "2249"]
[BlackElo "1658"]
[Annotator "RC"]
[PlyCount "99"]
[EventDate "2022.??.??"]
[TimeControl "60"]

1. d4 e6 2. e4 d5 3. e5 c5 4. c3 Nc6 5. Nf3 cxd4 6. cxd4 Qb6 7. a3 a5 8. Nc3 Bd7 9. Be3 Nge7 10. Bd3 Ng6 11. h4 h5 12. Bxg6 fxg6 13. Qd2 Ne7 14. Ne2 Rc8 15. Nf4 Rh6 16. O-O Nf5 17. Rac1 Rxc1 18. Rxc1 Be7 19. Nh3 Rh8 20. Bg5 Rf8 21. Bxe7 Nxe7 22. Nf4 Rxf4 23. Qxf4 Qxb2 24. Qe3 Nf5 25. Qc3 Qb5 26. g3 Qe2 27. Re1 Qb5 28. Nd2 Qa4 29. Nf3 Qb5 30. Kg2 Qb6 31. Re2 Bc6 32. Rb2 Qc7 33. Ng5 Kd7 34. Qc5 a4 35. Rb4 Qd8 36. Qc1 Qa5 37. f3 Qa6 38. Qd2 Qa8 39. Nh3 Ke7 40.
Nf4 Qe8 41. Nd3 Qa8 42. g4 hxg4 43. fxg4 Nh6 44. Qg5+ Kf7 45. Nf4 Qc8 46. Qxg6+ Kg8 47. Nxe6 Qd7 48. Rb1 Qf7 49. Qxf7+ Kxf7 50. Nd8+ 1-0

[Event "44th Chess Olympiad Women 2022"]
[Site "Chennai"]
[Date "2022.07.29"]
[Round "1.15"]
[White "Makwena, Christine"]
[Black "Antova, Gabriela"]
[Result "0-1"]
[WhiteElo "1609"]
[BlackElo "2275"]
[Annotator "RC"]
[PlyCount "82"]
[EventDate "2022.??.??"]
[TimeControl "60"]

1. d4 d5 2. Bg5 f6 3. Bf4 Nc6 4. e3 e5 5. dxe5 fxe5 6. Bg3 Nf6 7. Bb5 Bd6 8. Nf3 Bg4 9. Be2 Qe7 10. c3 Qd7 11. Nbd2 O-O 12. O-O e4 13.
Nd4 Bxg3 14. fxg3 Ne5 15. Bxg4 Nfxg4 16. Qe2 c5 17. Nc2 Nd3 18. b3 Nf6 19. c4 dxc4 20. Nxc4 b5 21. Nd2 Rad8 22. Rab1 Qe6 23. Rbd1 Rfe8 24. Nb1 Nd5 25. Qh5 a6 26. Qf5 Qe7 27. Qg4 Rf8 28. Qe2 Qg5 29. Rxf8+ Rxf8 30. Rf1 Rxf1+ 31. Kxf1 Qf6+ 32. Kg1 Qb2 33. Qd1 h6 34. h3 Qf6 35. Qe2 c4 36. bxc4 bxc4 37. Nd2 Nc3 38. Qf1 Qc6 39. Nd4 Qc5 40. Qf5 Ne2+ 41. Nxe2 Qxf5 0-1

[Event "44th Chess Olympiad Women 2022"]
[Site "Chennai"]
[Date "2022.07.29"]
[Round "1.15"]
[White "Radeva, Viktoria"]
[Black "Mudodo, Refiloe Hazel"]
[Result "1-0"]
[WhiteElo "2289"]
[BlackElo "1604"]
[Annotator "TA"]
[PlyCount "149"]
[EventDate "2022.??.??"]
[TimeControl "60"]

1. e4 e6 2. d4 d5 3. e5 c5 4. c3 Nc6 5. Nf3 Qb6 6. Bd3 cxd4 7. O-O $1 {[%emt 0:00:11] is now more promising
than 7.cxd4. C02: French: Advance Variation.} Bd7 8. Re1 Nge7 9. h4 {[%emt 0:00:52] The position is
equal.} Nf5 10. Bxf5 exf5 11. cxd4 Bb4 {[%emt 0:05:31] [#]} 12. Re2 $146 (12. Nc3 $5 ) ({Predecessor:} 12. Nc3 Be6 13. Re2 O-O 14. Na4
Qd8 15. Bg5 Be7 16. Nc5 Bxg5 17. hxg5 Qe7 18. Rc1 {1-0 (35) Paichadze,L (2555)
-Bharat,K (2224) Visakhapatnam 2022}) 12... O-O 13. a3 Be7 14. Nc3 Be6 15. b4 a6 16.
Rb1 Na7 17. Na4 Qb5 (17... Qc6 $11) 18. Bf4 Rac8 19. Nc5 $1 b6 20. a4 Qc6 21. Nxa6 {[%emt 0:05:38] White is more active.} b5 22. Nc5 Bxc5 (22... bxa4 $16 23. Nxa4
Ra8) 23. bxc5 bxa4 24. Reb2 {[%emt 0:05:10]
Inhibits Rb8.} Qd7 (24... Ra8 $16 25. Rb6 Qe8) 25. Rb7 $18 Rc7 26. Rxc7 Qxc7 27. Qxa4 Nc6 28. Rb6 Rc8 29. Qb5 h6 30. g3 Na7 31. Qa6 {[%emt 0:00:00] [#] Threatens to
win with Rb7.} Nc6 32. Kg2 Kh7 33. Qa4 Kg8 34. Ne1 Qa7 35. Ra6 Qb7 36. Rb6 Qa7 37. Qxa7 Nxa7 38. Nc2 Nc6 39. Be3 $36 {[%emt 0:00:
35] Black is under strong pressure.} Kf8 40. Na3 Bd7 41. Nb5 Rb8 (41...
Nd8 $142 42. Nc3 Be8) 42. Nc7 Rxb6 43. cxb6 {
[%emt 0:00:08] Endgame KBN-KBN} Bc8 44. Nb5 (
{Don't take} 44. Nxd5 $6 Bb7 $16) 44... Na5 $2 (44... Ke7 {
might work better.} 45. Nd6 Be6) 45. Nd6 Ba6 46. Bc1 h5 47. Ba3 Kg8 48. Bb4 Nc6 49. Bc5 Nd8 50. Nxf5 g6 51.
Nd6 Kg7 52. Ne8+ Kg8 53. f3 Bb7 54. Kf2 Ne6 55. Ke3 {[%emt 0:00:53] 
[#] Nd6 is the strong threat.} Bc6 56. Nd6 Nd8 {[%emt 0:00:04] Inhibits b7.} 57. g4 hxg4 58. fxg4 Kg7 59. h5 gxh5 60. Nf5+ Kh7 61. gxh5 {
[%emt 0:00:10] Black must now prevent Be7.} Bd7 62. Ng3 {
[%emt 0:03:00] Strongly threatening Be7.} Bc8 63. Be7 Ne6 (63... Nc6 $18 64. Bf8 Kg8) 64. Nf5 Ba6 65. Nd6 Kh6 66. b7 Bxb7 67. Nxb7 Kxh5 68. Nd8 {[%emt 0:00:35] Intending Nxe6 and mate.} Nxd8 69. Bxd8 {[%emt 0:00:04] KB-KPP. White mates.} Kg4 70. Bc7 Kf5 71. Kf3 f6 72. exf6 Kxf6 73. Kf4 Ke6 74. Kg5 Kd7 75. Bb6 {[%emt 0:00:11] Weighted Error Value: White=0.27 (precise) /
Black=0.27 (precise)} 1-0

[Event "44th Chess Olympiad Women 2022"]
[Site "Chennai"]
[Date "2022.07.29"]
[Round "1.16"]
[White "Deng, Jing Xin Crystal"]
[Black "Nandhidhaa, P V.."]
[Result "0-1"]
[WhiteElo "1914"]
[BlackElo "2312"]
[Annotator "ChessBase"]
[PlyCount "58"]
[EventDate "2022.??.??"]
[TimeControl "60"]

1. d4 d6 2. c4 e5 3. d5 f5 4. Nc3 Nf6 5. g3 Be7 6. Bg2 a5 7. a3 O-O 8. Bg5 Nbd7 9. Nf3 Nc5 10. O-O a4 11. Be3 Nb3 12. Rb1 Bd7 13. Nd2 Nxd2 14. Bxd2 Qe8 15. b4 axb3 16. Qxb3 b6 17. Nb5 Bd8 18. Ra1 Qh5 19. Bf3 Ng4 20. Bxg4 Qxg4 21. f3 Qg6 22. a4 f4 23. Kg2 e4 24. Rh1 exf3+ 25. exf3 Bh4 26. Be1 Rae8 27. Bf2 fxg3 28. Bxg3 Re2+ 29. Kf1 Rfe8 0-1